 Dungeon Crawl Stone Soup version 0.31.0-9-g3a7656b989 (webtiles) character file.

Game seed: 13156536523001430045

32 qw the Shooter (level 3, 0/18 HPs)
             Began as a Spriggan Hunter on Feb 2, 2024.
             Succumbed to their own poison gas
             ... on level 1 of the Dungeon.
             The game lasted 00:00:01 (718 turns).

qw the Shooter (Spriggan Hunter)                     Turns: 718, Time: 00:00:02

Health: 0/18       AC:  2    Str:  7    XL:     3   Next: 10%
Magic:  4/4        EV: 19    Int: 10    God:
Gold:   79         SH:  0    Dex: 20    Spells: 2/2 levels left

rFire   . . .        a - +0 shortbow
rCold   . . .        (shield currently unavailable)
rNeg    + . .        c - +0 robe
rPois   .            (helmet restricted)
rElec   .            (no cloak)
rCorr   .            (gloves unavailable)
SInv    +            (boots unavailable)
Will    .....        (no amulet)
Stlth   ++           f - ring of positive energy
HPRegen 0.23/turn    (no ring)
MPRegen 0.09/turn

%: no passive effects
@: lethally poisoned (0 -> -5), very quick
A: very small, no large weapons, unfitting armour, see invisible, speed 3
a: no special abilities


You were on level 1 of the Dungeon.
You visited 1 branch of the dungeon, and saw 1 of its levels.

You collected 79 gold pieces.


Innate Abilities, Weirdness & Mutations

You are very small and have problems with some larger weapons.
You are too small for most types of armour.
You have supernaturally acute eyesight. (SInv)
You cover ground extremely quickly. (Speed+++)


   Skills:
 - Level 1.5 Fighting
 + Level 4.5 Ranged Weapons
 - Level 4.0 Dodging
 - Level 1.5 Stealth


You had 2 spell levels left.
You didn't know any spells.
Your spell library was empty.

Inventory:

Hand Weapons
 a - a +0 shortbow (weapon)
Armour
 c - a +0 robe (worn)
Jewellery
 f - a ring of positive energy (left hand)
 h - a ring of fire
Potions
 g - a potion of curing {unknown}

Dungeon Overview and Level Annotations

Branches:
Dungeon (1/15)

Altars:


Message History

708 ||| READING scroll labelled GELINO BIKASANKES.
As you read the scroll labelled GELINO BIKASANKES, it crumbles to dust.
It is a scroll of enchant armour.
708 ||| ENCHANTING +0 shortbow.
Done exploring.
709 ||| READING scroll labelled WIZUSYIPOQ.
As you read the scroll labelled WIZUSYIPOQ, it crumbles to dust.
You feel momentarily disoriented.
It was a scroll of revelation.
Done exploring.
710 ||| DROPPING scroll of butterflies.
You drop a scroll of butterflies.
Done exploring.
711 ||| DROPPING potion of brilliance.
You drop a potion of brilliance.
Done exploring.
What level of the Dungeon? (default 1, ? - help) Sorry, I don't know how to get there.
Enter note:
Enter note:
Enter note:
Enter note:
Enter note:
Enter note:
Enter note:
Enter note:
Enter note: You are engulfed in poison gas.
You are lethally poisoned!
You feel very sick.
713 ||| Stepping ~*~*~tactically~*~*~ (cloud).
You feel sick.
Things that are here:
a potion of brilliance; a scroll of butterflies
There is a lethal amount of poison in your body!
You feel very sick.
There is a lethal amount of poison in your body!
You feel sick.
There is a lethal amount of poison in your body!
You feel sick.
There is a lethal amount of poison in your body!
You feel sick.
There is a lethal amount of poison in your body!
You die...

.#.......# #.# #.......#
.######..######.#########.....##
.# #..######.#########[..)## .#
#..######.#########.#### .#
##..######.#########.#
.#####..........#########.#
.........#####.##########^#
.......#######0##########.#
######## #####.¤@¤0¤¤0....# #
################## #
############### ###############
############### ###############
############### ###############


There were no monsters in sight!

Vanquished Creatures
  2 dart slugs (D:1)
  2 ball pythons (D:1)
  3 endoplasms (D:1)
  4 hobgoblins (D:1)
  4 kobolds (D:1)
  4 quokkas (D:1)
  A bat (D:1)
  A frilled lizard (D:1)
  3 goblins (D:1)
  A rat (D:1)
25 creatures vanquished.

Notes
Turn   | Place    | Note
-------+----------+-------------------------------------------
     0 | D:1      | qw the Spriggan Hunter began the quest for the Orb.
     0 | D:1      | Reached XP level 1. HP: 10/10 MP: 2/2
     0 | D:1      | 0 ||| qw: Version: 0.3-a-155-g5e7d8dd
     0 | D:1      | 0 ||| qw: Game counter: 81
     0 | D:1      | 0 ||| qw: Melee chars always use a shield: true
     0 | D:1      | 0 ||| qw: God list: Okawaru
     0 | D:1      | 0 ||| qw: Allow faded altars: false
     0 | D:1      | 0 ||| qw: Do Orc after clearing Dungeon:15 true
     0 | D:1      | 0 ||| qw: Do second Lair branch before Depths: true
     0 | D:1      | 0 ||| qw: Lair rune preference: random
     0 | D:1      | 0 ||| qw: Goals: Normal
     0 | D:1      | 0 ||| PLANNING D:1-11
    26 | D:1      | Reached skill level 3 in Dodging
   164 | D:1      | Reached XP level 2. HP: 14/14 MP: 3/3
   617 | D:1      | Reached XP level 3. HP: 18/18 MP: 4/4
   703 | D:1      | 703 ||| UPGRADING to ring of positive energy.
   704 | D:1      | 704 ||| READING scroll labelled VUKLUN HEREKK.
   705 | D:1      | 705 ||| READING scroll labelled ZELACZ WODE.
   705 | D:1      | 705 ||| IDENTIFYING white potion
   706 | D:1      | 706 ||| READING scroll labelled ETALAI QYAL.
   707 | D:1      | 707 ||| READING scroll labelled FOIFOY SINAJIU.
   708 | D:1      | 708 ||| READING scroll labelled GELINO BIKASANKES.
   708 | D:1      | 708 ||| ENCHANTING +0 shortbow.
   709 | D:1      | 709 ||| READING scroll labelled WIZUSYIPOQ.
   710 | D:1      | 710 ||| DROPPING scroll of butterflies.
   711 | D:1      | 711 ||| DROPPING potion of brilliance.
   713 | D:1      | 713 ||| Stepping ~*~*~tactically~*~*~ (cloud).
   715 | D:1      | HP: 4/18 [poisoned by you (poison gas)]
   717 | D:1      | HP: 1/18 [poisoned by you (poison gas)]
   718 | D:1      | Succumbed to their own poison gas

Levels and vault maps discovered:
D:1:      saegor_arrival_under_anarchy, layout_loops_ring,
          minmay_misc_feat_roman, minivault_24

Skill      XL: |  1  2 |
---------------+-------+-----
Dodging        | 3 4 |  4.0
Fighting       | |  1.5
Ranged Weapons | |  4.5
Stealth        | |  1.5

Action                     || total
---------------------------++-------
   Fire: Shortbow          ||    61
    Use: Scroll            ||     6
 Armour: Robe              ||     4
  Dodge: Dodged            ||    11

Table legend:
 A = Non-vault XP
 B = Vault XP
 C = Vault XP percentage of total XP
 D = Non-vault monster count
 E = Vault monster count
 F = Vault count percentage of total count
                 A         B        C        D         E       F
            +---------+---------+-------+---------+---------+-------
      Total |      47 |       0 |   0.0 |      25 |       0 |   0.0
            +---------+---------+-------+---------+---------+-------
        D:1 |      47 |       0 |   0.0 |      25 |       0 |   0.0
            +---------+---------+-------+---------+---------+-------
